 Dungeon Crawl Stone Soup version 0.24.1-14-gf8d2b509d9 (webtiles) character file.

Game seed: 7771463434167306529, levelgen mode: deterministic

67 Descartes the Shield-Bearer (level 4, 0/37 HPs)
             Began as a Formicid Fighter on May 16, 2020.
             Succumbed to an adder's poison
             ... on level 2 of the Dungeon.
             The game lasted 00:03:05 (889 turns).

Descartes the Shield-Bearer (Formicid Fighter)       Turns: 889, Time: 00:03:06

Health: 0/37       AC:  8    Str: 20    XL:     4   Next: 40%
Magic:  4/4        EV:  8    Int:  9    God:
Gold:   24         SH:  9    Dex: 10    Spells: 3/3 levels left

rFire    . . .     SeeInvis +   a - +0 long sword
rCold    . . .     Gourm    .   c - +0 shield
rNeg     . . .     Faith    .   b - +0 scale mail
rPois    .         Spirit   .   (helmet unavailable)
rElec    .         Reflect  .   (no cloak)
rCorr    .         Harm     .   h - +0 pair of gloves
MR       .....                  (no boots)
Stlth    ..........             (no amulet)
HPRegen  0.12/turn              (no ring)
MPRegen  0.09/turn              (no ring)

@: lethally poisoned (0 -> -5)
A: permanent stasis, dig shafts and tunnels, four strong arms, antennae 3
a: Dig, Shaft Self


You were on level 2 of the Dungeon.
You were hungry.

You visited 1 branch of the dungeon, and saw 2 of its levels.

You collected 24 gold pieces.

Inventory:

Hand Weapons
 a - a +0 long sword (weapon)
Missiles
 e - 64 stones (quivered)
 k - 18 arrows
Armour
 b - a +0 scale mail (worn)
 c - a +0 shield (worn)
 h - a +0 pair of gloves (worn)
Scrolls
 g - a scroll of magic mapping {unknown}
 i - a scroll of noise {unknown}
 j - a scroll of random uselessness {unknown}
Potions
 d - a potion of might
 l - a potion of mutation {unknown}
Comestibles
 f - 2 rations
 m - 2 chunks of flesh


   Skills:
 + Level 4.0 Fighting
 - Level 2.0 Long Blades
 + Level 3.9 Armour
 * Level 4.8 Shields
 + Level 0.3 Spellcasting


You had 3 spell levels left.
You didn't know any spells.
Your spell library was empty.

Dungeon Overview and Level Annotations

Branches:
Dungeon (2/15)

Altars:

Annotations:
D:2 Sigmund


Innate Abilities, Weirdness & Mutations

You cannot be hasted, slowed, berserked, paralysed or teleported.
You can dig through walls and to a lower floor.
Your four strong arms can wield two-handed weapons with a shield.
You have a pair of large antennae on your head. (SInv)


Message History

You feel sick. The adder bites you but does no damage.
A goblin comes into view.
The goblin shouts!
You feel sick. The adder barely misses you.
You are feeling hungry.
You feel sick. The adder bites you.
* * * LOW HITPOINT WARNING * * *
You are lethally poisoned!
The adder poisons you!
* * * LOW HITPOINT WARNING * * *
You feel sick.
* * * LOW HITPOINT WARNING * * *
You feel sick. You block the goblin's attack.
* * * LOW HITPOINT WARNING * * *
You feel sick.
You die...

... #.##.##..... ..#
#.##.......# ..#
#..........#
#(####...#......#
(...........>...
##)###.....##.#
....###.....g.####
....###.#..##....#
.....##.#..g.Sg.@#
........#........####
...#..#.#.........).#
...#.......#....###.#
)..##...........###.#
####...##..#........#
#...........######
#...........#
#...........#


You could see an adder, 2 hobgoblins and a goblin.

Vanquished Creatures
  An ooze (D:1)
  A worm (D:2)
  4 dart slugs
  A leopard gecko (D:2)
  3 giant cockroaches
  4 goblins (D:1)
  5 hobgoblins
  5 jackals (D:1)
  10 bats
  6 frilled lizards
  4 kobolds
  5 rats
49 creatures vanquished.

Notes
Turn   | Place    | Note
-------+----------+-------------------------------------------
     0 | D:1      | Descartes the Formicid Fighter began the quest for the Orb.
     0 | D:1      | Reached XP level 1. HP: 18/18 MP: 1/1
    36 | D:1      | Reached XP level 2. HP: 24/24 MP: 2/2
   103 | D:1      | Reached XP level 3. HP: 17/30 MP: 3/3
   542 | D:2      | Reached XP level 4. HP: 37/37 MP: 4/4
   612 | D:2      | Noticed Sigmund
   888 | D:2      | HP: 1/37 [poisoned by an adder]
   889 | D:2      | Succumbed to an adder's poison

Levels and vault maps discovered:
D:1:      dpeg_arrival_stone_temple_mockup, layout_rooms,
          minmay_indecisive_spiral
D:2:      layout_basic, chequers_serial_rivers_room_b, grunt_ministairs_1,
          uniq_terence, uniq_sigmund, uniq_crazy_yiuf_cottage

Skill      XL: |  1  2  3  4 |
---------------+-------------+-----
Shields        | 4 |  4.8
Fighting       | 4 |  4.0
Long Blades    | |  2.0
Armour         | |  3.9
Spellcasting   | |  0.3

Action                   |  1- 3 |  4- 6 || total
-------------------------+-------+-------++-------
Melee: Long sword        |    99 |    62 ||   161
Armor: Scale mail        |    56 |    42 ||    98
Dodge: Dodged            |    55 |    36 ||    91
Block: Shield            |    74 |    51 ||   125
       Rpst.: Long sword |    21 |    10 ||    31
